 Dungeon Crawl Stone Soup version 0.32-a0-172-gc5dd13f2a7 (webtiles) character file.

Game seed: 1050695215691507535

311202 cforsyth the Sorcerer (level 22, 0/175 HPs)
             Began as a Djinni Hexslinger on Feb 12, 2024.
             Killed from afar by a storm dragon (32 damage)
             ... with a bolt of lightning
             ... on level 3 of the Vaults.
             The game lasted 01:51:15 (47314 turns).

cforsyth the Sorcerer (Djinni Hexslinger)          Turns: 47314, Time: 01:51:15

Health: 0/175      AC: 12    Str:  7    XL:     22   Next: 21%
Gold:   3516       EV: 17    Int: 30    God:
                   SH: 14    Dex: 15

rFire   + + +        a - +2 long sword of Fedhas's Inspiration {flame, rPois rN+ Dex-3}
rCold   + + .        Z - +2 kite shield {rC+}
rNeg    + . .        t - +0 troll leather armour
rPois   ∞            I - +0 helmet
rElec   .            B - +1 cloak {Will+}
rCorr   .            f - +1 pair of gloves {Stlth+}
SInv    .            (boots unavailable)
Will    +++..        K - amulet of regeneration
Stlth   +            T - +4 ring of protection
HPRegen 2.09/turn    S - ring "Uluqi" {rF++ rC++ Int+6 Stlth-}
MPRegen 0.00/turn

%: infuse magic (-1 HP)
@: flying
A: sickness immunity, fire resistance 2, cold vulnerability 1, float, innate
caster, HP casting, extra vitality 1
}: 2/15 runes: barnacled, gossamer
a: no special abilities


You were on level 3 of the Vaults.
You visited 6 branches of the dungeon, and saw 33 of its levels.
You also visited: Bailey.

You collected 4790 gold pieces.
You spent 1274 gold pieces at shops.


Innate Abilities, Weirdness & Mutations

You are immune to sickness and miasma.
You are immune to poison.
Your flesh is very heat resistant. (rF++)
You are vulnerable to cold. (rC-)
You float through the air rather than walking.
You learn spells naturally, not from books.
Your magical power is your life essence.
You have superior vitality. (+4 MHP)


   Skills:
 - Level 20.0 Fighting
 - Level 1.5 Ranged Weapons
 + Level 15.2 Dodging
 - Level 12.0 Shields
 + Level 21.2 Spellcasting
 + Level 21.2 Conjurations
 + Level 21.2 Hexes
 + Level 21.2 Summonings
 + Level 21.2 Necromancy
 + Level 21.2 Translocations
 + Level 21.2 Fire Magic
 + Level 21.2 Ice Magic
 + Level 21.2 Air Magic
 + Level 21.2 Earth Magic
 + Level 21.2 Alchemy


You knew the following spells:

 Your Spells              Type           Power      Damage    Failure   Level
a - Kiss of Death         Conj/Necr      100%       2d13      0%          1
b - Scorch                Fire           100%       2d9       0%          2
c - Cause Fear            Hex            51%        N/A       0%          4
d - Iskenderun's Mystic   Conj/Tloc      100%       2d19      0%          4
e - Martyr's Knell        Necr/Summ      100%       N/A       0%          4
f - Inner Flame           Hex/Fire       100%       N/A       0%          3
g - Bombard               Conj/Erth      51%        9d9       1%          6
h - Plasma Beam           Fire/Air       51%        2x1d66    1%          6
l - Lehudib's Crystal Sp  Conj/Erth      51%        10d12     6%          8
m - Mephitic Cloud        Conj/Alch/Air  100%       N/A       0%          3
n - Metabolic Englaciati  Hex/Ice        51%        N/A       1%          5
t - Haunt                 Necr/Summ      51%        N/A       1%          7
X - Jinxbite              Hex            100%       N/A       0%          2
Y - Sigil of Binding      Hex            100%       N/A       0%          3
Z - Dimensional Bullseye  Hex/Tloc       51%        N/A       0%          4
Your spell library was empty.

Inventory:

Hand Weapons
 a - the +2 long sword of Fedhas's Inspiration (weapon) {flame, rPois rN+ Dex-3}
   (You found it on level 3 of the Spider Nest)

   Dex-3:     It affects your dexterity (-3).
   rPois:     It protects you from poison rN+: It protects you from negative
   energy.
 M - the +9 whip of the Shoals {protect, Str+3}
   (You found it on level 9 of the Dungeon)

   Str+3:     It affects your strength (+3).
Armour
 f - a +1 pair of gloves of stealth (worn)
 t - a +0 troll leather armour (worn)
 B - a +1 cloak of willpower (worn)
 I - a +0 helmet (worn)
 Z - a +2 kite shield of cold resistance (worn)
Magical Staves
 L - a staff of fire {!a}
Jewellery
 C - a ring of protection from cold
 K - an amulet of regeneration (around neck)
 R - a ring of resist corrosion
 S - the ring "Uluqi" (right hand) {rF++ rC++ Int+6 Stlth-}
   (You acquired it on level 2 of the Lair of Beasts)

   [ring of intelligence]

   Int+6:     It affects your intelligence (+6).
   rF++:      It greatly protects you from fire.
   rC++:      It greatly protects you from cold.
   Stlth-:    It makes you less stealthy.
 T - a +4 ring of protection (left hand)
 W - a ring of willpower
 X - an amulet of reflection
Wands
 k - a wand of quicksilver (3)
 l - a wand of polymorph (26)
 y - a wand of charming (15)
 A - a wand of flame (9)
 D - a wand of mindburst (5)
 P - a wand of iceblast (20)
 U - a wand of digging (13)
Scrolls
 b - 5 scrolls of poison
 e - 7 scrolls of vulnerability
 o - 3 scrolls of blinking
 p - 5 scrolls of noise
 q - 5 scrolls of revelation
 r - 5 scrolls of fear
 x - 10 scrolls of teleportation {@r2}
 E - a scroll of immolation
 F - a scroll of butterflies
 H - 5 scrolls of enchant armour
 N - 4 scrolls of fog
 V - 3 scrolls of torment
 Y - a scroll of acquirement
Potions
 c - 9 potions of haste {@q3}
 d - 4 potions of lignification
 g - 14 potions of curing {@q1}
 h - 4 potions of berserk rage {!q}
 i - 10 potions of attraction
 j - 5 potions of ambrosia
 n - 11 potions of brilliance
 s - 3 potions of enlightenment
 u - 9 potions of might
 v - 2 potions of cancellation
 w - 6 potions of heal wounds {@q2}
 z - a potion of experience
 G - 3 potions of resistance
 J - 7 potions of mutation
Miscellaneous
 m - a phantom mirror
 O - a lightning rod (4/4)

Dungeon Overview and Level Annotations

Branches:
Dungeon (15/15)            Temple (0/1) D:6            Lair (5/5) D:11
 Shoals (4/4) Lair:2       Spider (4/4) Lair:3        Slime (0/5) Lair:5
    Orc (2/2) D:11            Elf (0/3) Orc:2        Vaults (3/5) D:13
  Crypt (0/3) Vaults:2     Depths (0/4) D:15         Bailey (visited)

Altars:
Cheibriados
Hepliaklqana
Nemelex Xobeh
Okawaru
Trog
Uskayaw
Xom
Jiyva

Shops:
D:1 [   D:4 ([**(   D:12 *   D:15 =   Orc:2 ([*([*:*   Shoals:3 :   Vaults:1 :

Portals:
Trove: Vaults:3 (give 17 potions of curing)

▒......▒▒......▒.....▒.....▒.
▒...÷..▒▒).....▒.....▒.....'.
▒......▒▒......▒.....▒.....▒.
▒......▒▒.D....▒.....'.....▒.
▒......▒▒......▒.....▒▒▒▒▒▒▒.
▒......▒▒......▒...........▒.
▒▒▒▒▒▒▒▒▒......'...........▒.
▒......▒▒▒▒▒▒▒▒▒▒▒▒▒.
▒...@..▒ ▒. ▒▒▒▒▒▒▒▒ ▒▒


You could see a storm dragon (catching breath).


Message History

Casting: Plasma Beam (mildly dangerous; 1% risk of failure)
Confirm with . or Enter, or press ? or * to list all spells.
You don't know that spell.
Unknown command.
Casting: Plasma Beam (mildly dangerous; 1% risk of failure)
Confirm with . or Enter, or press ? or * to list all spells.
Casting: Plasma Beam (mildly dangerous; 1% risk of failure)
Press: ? - help, Dir - look around, f - activate The bolt of lightning hits the storm dragon.
The storm dragon completely resists.
The storm dragon is moderately wounded.
The fiery plasma misses the storm dragon.
* * * LOW HITPOINT WARNING * * *
Casting: Plasma Beam (mildly dangerous; 1% risk of failure)
Confirm with . or Enter, or press ? or * to list all spells.
Casting: Plasma Beam (mildly dangerous; 1% risk of failure)
Press: ? - help, Dir - look around, f - activate The bolt of lightning hits the storm dragon.
The storm dragon completely resists.
The storm dragon is moderately wounded.
The bolt of lightning hits Nikola!!!
Nikola is almost dead.
The fiery plasma hits the storm dragon!
The storm dragon is moderately wounded.
The fiery plasma hits Nikola!!
You kill Nikola!
* * * LOW HITPOINT WARNING * * *
The storm dragon breathes lightning at you.
The bolt of lightning hits you!!
You die...

Skill      XL: |  1  2  3  4  5  6  7  8  9 10 11 12 13 14 15 16 17 18 19 20 21 22 |
---------------+-------------------------------------------------------------------+-----
Spellcasting   | 3 4 5 6 7 8 10 11 12 14 15 16 17 18 20 21 | 21.2
Conjurations   | 3 4 5 6 7 8 10 11 12 14 15 16 17 18 20 21 | 21.2
Hexes          | 3 4 5 6 7 8 10 11 12 14 15 16 17 18 20 21 | 21.2
Summonings     | 3 4 5 6 7 8 10 11 12 14 15 16 17 18 20 21 | 21.2
Necromancy     | 3 4 5 6 7 8 10 11 12 14 15 16 17 18 20 21 | 21.2
Translocations | 3 4 5 6 7 8 10 11 12 14 15 16 17 18 20 21 | 21.2
Fire Magic     | 3 4 5 6 7 8 10 11 12 14 15 16 17 18 20 21 | 21.2
Ice Magic      | 3 4 5 6 7 8 10 11 12 14 15 16 17 18 20 21 | 21.2
Air Magic      | 3 4 5 6 7 8 10 11 12 14 15 16 17 18 20 21 | 21.2
Earth Magic    | 3 4 5 6 7 8 10 11 12 14 15 16 17 18 20 21 | 21.2
Alchemy        | 3 4 5 6 7 8 10 11 12 14 15 16 17 18 20 21 | 21.2
Fighting       | 2 3 4 6 7 9 11 13 14 16 17 19 20 | 20.0
Dodging        | 6 10 11 14 15 | 15.2
Shields        | 3 8 12 | 12.0
Ranged Weapons | |  1.5

Action                     |  1- 3 |  4- 6 |  7- 9 | 10-12 | 13-15 | 16-18 | 19-21 | 22-24 || total
---------------------------+-------+-------+-------+-------+-------+-------+-------+-------++-------
  Melee: Sling             |       |       |       |       |       |    10 |       |       ||    10
         Long sword        |       |       |       |       |       |     1 |       |       ||     1
   Fire: Sling             |    66 |    65 |    54 |   124 |   154 |    16 |       |       ||   479
   Cast: Kiss of Death     |     2 |       |       |       |       |       |       |       ||     2
         Scorch            |       |    40 |   136 |   153 |   127 |     3 |       |       ||   459
         Mephitic Cloud    |       |       |     3 |     9 |     7 |     1 |       |       ||    20
         Inner Flame       |       |       |    26 |   150 |   260 |    68 |     5 |       ||   509
         Iskenderun's Myst |       |       |     3 |    44 |   155 |   141 |    43 |     1 ||   387
         Jinxbite          |       |       |       |     1 |     1 |       |       |       ||     2
         Metabolic Englaci |       |       |       |       |    23 |     1 |     1 |       ||    25
         Bombard           |       |       |       |       |   187 |   193 |     1 |       ||   381
         Plasma Beam       |       |       |       |       |       |   293 |   528 |    60 ||   881
         Haunt             |       |       |       |       |       |       |     1 |       ||     1
         Lehudib's Crystal |       |       |       |       |       |       |     2 |       ||     2
  Evoke: Wand              |       |       |       |    11 |       |       |       |       ||    11
    Use: Scroll            |       |       |    12 |     4 |     9 |     8 |     7 |     5 ||    45
         Potion            |       |       |       |       |       |     3 |     1 |     1 ||     5
 Armour: Robe              |    14 |     6 |    36 |   119 |    14 |       |       |       ||   189
         Troll leather arm |       |       |       |       |   305 |   403 |   126 |    21 ||   855
  Dodge: Dodged            |     4 |    11 |    38 |    71 |   117 |   161 |    62 |    12 ||   476
  Block: Kite shield       |       |       |       |       |       |    73 |   121 |    17 ||   211

Levels and vault maps discovered:
D:1:      minmay_arrival_widening_spiral_wide, layout_basic, serial_shops, shop,
          minmay_heptomino_w4
D:2:      layout_basic, basic_altar, uniq_sigmund
D:3:      layout_basic, nicolae_overflow_hidden_temple, minmay_lizard_king
D:4:      layout_basic, serial_shops, shop, nicolae_shop_stone,
          nicolae_shop_peninsula, nicolae_shop_overgrown_old_shop, shop
D:5:      layout_basic, nicolae_overflow_crystal_walls, uniq_pikel
D:6:      minmay_razor_zed, layout_loops_corners, lemuel_doored_altar,
          minmay_temple_entry_proselytizer
D:7:      layout_basic, mainiacjoe_overflow_alcove_2, enter_bailey_4,
          kennysheep_dice
D:8:      layout_basic, dreamdust_gnoll_shepherd
D:9:      gammafunk_indiana_jones, layout_long_grid,
          amethyst_overflow_temple_binary, gammafunk_ghost_wrathful_warriors,
          special_room [special_room_orc]
D:10:     layout_rooms, mainiacjoe_overflow_boulevard
D:11:     layout_layer_cave, due_lair_maze_entry_diamond, david_orc_4,
          uniq_snorg
D:12:     layout_basic, serial_undead, serial_undead_a, serial_undead_d,
          serial_undead_d, serial_undead_d, guppyfry_shop_earth
D:13:     layout_loops_ring, david_vaults_2
D:14:     layout_roguey, kennysheep_minor_cross, vehumet_crystals
D:15:     grunt_enter_depths_snipers, layout_basic, serial_shops,
          nicolae_shop_gaudy_bauble, hangedman_abyss_or_decor_passed
Lair:1:   layout_roguey, serial_bayou_shore_b
Lair:2:   layout_chaotic_city, elwin_shoals_entry_stream, uniq_urug,
          uniq_nergalle
Lair:3:   layout_roguey, nicolae_spider_entry_non_spiders, uniq_fannar
Lair:4:   layout_concentric_octagons, uniq_josephine
Lair:5:   hangedman_lair_caniforms_friends, layout_loops_ring,
          hangedman_lair_tendril_chambers, dpeg_slime_entry_corner, st_stairs_7,
          pond
Shoals:1: layout_shoals, nicolae_shoals_spring_well_temple
Shoals:2: cheibrodos_shoals_three_sisters, layout_shoals, kb_tengu_band
Shoals:3: layout_shoals, nicolae_shoals_c_island, uniq_jorgrun, uniq_bai_suzhen
Shoals:4: shoals_end_grunt_garden, layout_shoals, shoals_ilsuiw_alternative,
          uniq_polyphemus
Spider:1: layout_spider_delve, nicolae_spider_wall_of_niches
Spider:2: layout_spider_delve, drop_trap, nicolae_spider_webbed_stairs,
          uniq_asterion, uniq_roxanne
Spider:3: layout_spider_delve, hangedman_spider_tarantella_strand, uniq_arachne,
          uniq_donald
Spider:4: johnstein_spider_rune_arachne_lair, uniq_agnes
Orc:1:    layout_caves
Orc:2:    st_orc_congregation, layout_caves, serial_shops,
          nicolae_shop_advertising_works [nicolae_subvault_shop_adworks], shop,
          shop, shop_fountains
Vaults:1: grunt_vaults_bifocal, nicolae_vaults_tangram_2, v_rooms_5,
          nicolae_vaults_trapezoid_lopsided_4, v_misc_4, vaults_room_grid,
          nicolae_vaults_wine_cellar, nicolae_vaults_trapezoid_1,
          vaults_room_stairs_pillars, nicolae_vaults_closet_pinwheel_4,
          v_misc_10, nicolae_vaults_shipping_containers_4,
          layout_vaults_omnigrid, serial_shops, shop
Vaults:2: v_misc_17, vaults_room_door_hall, nicolae_vaults_three_branches,
          nicolae_vaults_door_testing_chamber, nicolae_vaults_wrenched,
          nicolae_vaults_prndl, nicolae_vaults_ring_of_whatevers,
          ontoclasm_vaults_fault, nicolae_vaults_branching_niches,
          nicolae_vaults_storage_room_glass, nicolae_vaults_oval_intersection,
          minmay_crypt_entry_nasty_monster, layout_vaults_ring
Vaults:3: v_misc_5, nicolae_vaults_big_angled_halls, st_greater_box_4,
          nicolae_vaults_lightning_bolt, nicolae_vaults_trapezoid_2, v_misc_9,
          nicolae_vaults_what_the_h, nicolae_vaults_weapon_check,
          v_alt_pattern_5, nicolae_vaults_six-pack, vaults_dpeg_ring,
          layout_vaults_maze_snakey, enter_trove_2, uniq_nikola

Notes
Turn   | Place    | Note
-------+----------+-------------------------------------------
     0 | D:1      | cforsyth the Djinni Hexslinger began the quest for the Orb.
     0 | D:1      | cforsyth set off with the following spells memorised:
                  | Jinxbite, Sigil of Binding, Inner Flame, Cause Fear,
                  | Dimensional Bullseye.
     0 | D:1      | Reached XP level 1. HP: 17/17 MP: 0/0
   122 | D:1      | Reached XP level 2. HP: 17/22 MP: 0/0
   280 | D:1      | Found Ryexzaesidgh's Antique Armour Emporium.
   624 | D:1      | Reached skill level 3 in Spellcasting
   624 | D:1      | Reached skill level 3 in Conjurations
   624 | D:1      | Reached skill level 3 in Hexes
   624 | D:1      | Reached skill level 3 in Summonings
   624 | D:1      | Reached skill level 3 in Necromancy
   624 | D:1      | Reached skill level 3 in Translocations
   624 | D:1      | Reached skill level 3 in Fire Magic
   624 | D:1      | Reached skill level 3 in Ice Magic
   624 | D:1      | Reached skill level 3 in Air Magic
   624 | D:1      | Reached skill level 3 in Earth Magic
   624 | D:1      | Reached skill level 3 in Alchemy
   759 | D:1      | Reached skill level 2 in Fighting
   759 | D:1      | Reached XP level 3. HP: 28/28 MP: 0/0
   759 | D:1      | Learned a level 1 spell: Kiss of Death
   993 | D:2      | Found a shimmering altar of Xom.
  1184 | D:2      | Noticed Sigmund
  1205 | D:2      | Killed Sigmund
  1206 | D:2      | Reached skill level 3 in Fighting
  1206 | D:2      | Reached XP level 4. HP: 24/37 MP: 0/0
  1206 | D:2      | Reached XP level 5. HP: 26/41 MP: 0/0
  1206 | D:2      | Learned a level 2 spell: Scorch
  1380 | D:2      | Reached XP level 6. HP: 45/47 MP: 0/0
  1439 | D:2      | Reached skill level 4 in Spellcasting
  1439 | D:2      | Reached skill level 4 in Conjurations
  1439 | D:2      | Reached skill level 4 in Hexes
  1439 | D:2      | Reached skill level 4 in Summonings
  1439 | D:2      | Reached skill level 4 in Necromancy
  1439 | D:2      | Reached skill level 4 in Translocations
  1439 | D:2      | Reached skill level 4 in Fire Magic
  1439 | D:2      | Reached skill level 4 in Ice Magic
  1439 | D:2      | Reached skill level 4 in Air Magic
  1439 | D:2      | Reached skill level 4 in Earth Magic
  1439 | D:2      | Reached skill level 4 in Alchemy
  1529 | D:2      | Reached skill level 4 in Fighting
  2458 | D:4      | Noticed a black bear
  2464 | D:4      | Killed a black bear
  2465 | D:4      | Reached XP level 7. HP: 43/53 MP: 0/0
  2465 | D:4      | Learned a level 3 spell: Mephitic Cloud
  2544 | D:4      | Found Loqifex's Antique Armour Boutique.
  2613 | D:4      | Reached skill level 5 in Fighting
  2650 | D:4      | Found Wuly's General Store.
  2724 | D:4      | Found Barios's Antique Weapon Shoppe.
  2874 | D:4      | Found Xutt's Weapon Shop.
  3220 | D:4      | Found Muileal's Assorted Antiques.
  3228 | D:4      | Bought 2 fizzy dark potions for 41 gold pieces
  3228 | D:4      | Bought a scroll labelled CIF VAUHIDD for 23 gold pieces
  3228 | D:4      | Bought a glowing orange potion for 20 gold pieces
  3363 | D:5      | Entered Level 5 of the Dungeon
  3370 | D:5      | Found an iron altar of Okawaru.
  3701 | D:5      | Reached skill level 5 in Spellcasting
  3701 | D:5      | Reached skill level 5 in Conjurations
  3701 | D:5      | Reached skill level 5 in Hexes
  3701 | D:5      | Reached skill level 5 in Summonings
  3701 | D:5      | Reached skill level 5 in Necromancy
  3701 | D:5      | Reached skill level 5 in Translocations
  3701 | D:5      | Reached skill level 5 in Fire Magic
  3701 | D:5      | Reached skill level 5 in Ice Magic
  3701 | D:5      | Reached skill level 5 in Air Magic
  3701 | D:5      | Reached skill level 5 in Earth Magic
  3701 | D:5      | Reached skill level 5 in Alchemy
  3821 | D:5      | Noticed Pikel
  3843 | D:5      | Killed Pikel
  3844 | D:5      | Reached skill level 6 in Fighting
  3844 | D:5      | Reached XP level 8. HP: 2/62 MP: 0/0
  4266 | D:6      | Reached skill level 7 in Fighting
  4336 | D:6      | Reached skill level 6 in Spellcasting
  4336 | D:6      | Reached skill level 6 in Conjurations
  4336 | D:6      | Reached skill level 6 in Hexes
  4336 | D:6      | Reached skill level 6 in Summonings
  4336 | D:6      | Reached skill level 6 in Necromancy
  4336 | D:6      | Reached skill level 6 in Translocations
  4336 | D:6      | Reached skill level 6 in Fire Magic
  4336 | D:6      | Reached skill level 6 in Ice Magic
  4336 | D:6      | Reached skill level 6 in Air Magic
  4336 | D:6      | Reached skill level 6 in Earth Magic
  4336 | D:6      | Reached skill level 6 in Alchemy
  4552 | D:6      | Reached XP level 9. HP: 54/69 MP: 0/0
  4552 | D:6      | Learned a level 4 spell: Iskenderun's Mystic Blast
  4917 | D:6      | Reached skill level 8 in Fighting
  5153 | D:6      | Found a staircase to the Ecumenical Temple.
  5803 | D:7      | Reached skill level 7 in Spellcasting
  5803 | D:7      | Reached skill level 7 in Conjurations
  5803 | D:7      | Reached skill level 7 in Hexes
  5803 | D:7      | Reached skill level 7 in Summonings
  5803 | D:7      | Reached skill level 7 in Necromancy
  5803 | D:7      | Reached skill level 7 in Translocations
  5803 | D:7      | Reached skill level 7 in Fire Magic
  5803 | D:7      | Reached skill level 7 in Ice Magic
  5803 | D:7      | Reached skill level 7 in Air Magic
  5803 | D:7      | Reached skill level 7 in Earth Magic
  5803 | D:7      | Reached skill level 7 in Alchemy
  5852 | D:7      | Found a flagged portal.
  5985 | Bailey   | Entered a bailey
  6275 | Bailey   | Reached skill level 9 in Fighting
  6512 | D:7      | Acquired 734 gold pieces
  6684 | D:7      | Reached XP level 10. HP: 64/78 MP: 0/0
  6705 | D:7      | Reached skill level 10 in Fighting
  7039 | D:7      | Found a hazy altar of Hepliaklqana.
  7233 | D:7      | Reached skill level 8 in Spellcasting
  7233 | D:7      | Reached skill level 8 in Conjurations
  7233 | D:7      | Reached skill level 8 in Hexes
  7233 | D:7      | Reached skill level 8 in Summonings
  7233 | D:7      | Reached skill level 8 in Necromancy
  7233 | D:7      | Reached skill level 8 in Translocations
  7233 | D:7      | Reached skill level 8 in Fire Magic
  7233 | D:7      | Reached skill level 8 in Ice Magic
  7233 | D:7      | Reached skill level 8 in Air Magic
  7233 | D:7      | Reached skill level 8 in Earth Magic
  7233 | D:7      | Reached skill level 8 in Alchemy
  8808 | D:9      | Reached skill level 11 in Fighting
  9071 | D:9      | Reached XP level 11. HP: 72/87 MP: 0/0
  9071 | D:9      | Learned a level 4 spell: Martyr's Knell
  9116 | D:9      | Reached skill level 9 in Spellcasting
  9116 | D:9      | Reached skill level 9 in Conjurations
  9116 | D:9      | Reached skill level 9 in Hexes
  9116 | D:9      | Reached skill level 9 in Summonings
  9116 | D:9      | Reached skill level 9 in Necromancy
  9116 | D:9      | Reached skill level 9 in Translocations
  9116 | D:9      | Reached skill level 9 in Fire Magic
  9116 | D:9      | Reached skill level 9 in Ice Magic
  9116 | D:9      | Reached skill level 9 in Air Magic
  9116 | D:9      | Reached skill level 9 in Earth Magic
  9116 | D:9      | Reached skill level 9 in Alchemy
  9583 | D:9      | Found a runed translucent door.
  9806 | D:9      | Noticed Sobieck's ghost (journeyman DsGl)
  9813 | D:9      | Noticed a tengu warrior
  9814 | D:9      | Found a bloodstained altar of Trog.
  9821 | D:9      | Found a transporter.
  9825 | D:9      | Noticed a moth of wrath
  9839 | D:9      | Found a transporter.
  9926 | D:9      | Noticed a two-headed ogre
  9931 | D:9      | Killed a two-headed ogre
  9932 | D:9      | Reached skill level 12 in Fighting
  9967 | D:9      | Found a snail-covered altar of Cheibriados.
  9974 | D:9      | Found a sparkling altar of Nemelex Xobeh.
 10169 | D:9      | Identified the +9 whip of the Shoals {protect, Str+3}
 10171 | D:9      | Found a runed translucent gate.
 10171 | D:9      | Found a runed translucent gate.
 10171 | D:9      | Found a runed translucent gate.
 10171 | D:9      | Found a runed translucent gate.
 10171 | D:9      | Found a runed translucent gate.
 10171 | D:9      | Found a runed translucent gate.
 10171 | D:9      | Noticed a boulder beetle
 10171 | D:9      | Noticed a lindwurm
 10171 | D:9      | Noticed a boulder beetle
 10215 | D:10     | Entered Level 10 of the Dungeon
 10597 | D:10     | Found a hide-covered altar of Uskayaw.
 10605 | D:10     | Reached skill level 10 in Spellcasting
 10605 | D:10     | Reached skill level 10 in Conjurations
 10605 | D:10     | Reached skill level 10 in Hexes
 10605 | D:10     | Reached skill level 10 in Summonings
 10605 | D:10     | Reached skill level 10 in Necromancy
 10605 | D:10     | Reached skill level 10 in Translocations
 10605 | D:10     | Reached skill level 10 in Fire Magic
 10605 | D:10     | Reached skill level 10 in Ice Magic
 10605 | D:10     | Reached skill level 10 in Air Magic
 10605 | D:10     | Reached skill level 10 in Earth Magic
 10605 | D:10     | Reached skill level 10 in Alchemy
 10643 | D:10     | HP: 7/91 [cloud of flame (6)]
 11099 | D:10     | Noticed a two-headed ogre
 11109 | D:10     | Killed a two-headed ogre
 11110 | D:10     | Reached skill level 13 in Fighting
 11352 | D:11     | Noticed a cyclops
 11356 | D:11     | Killed a cyclops
 11357 | D:11     | Reached XP level 12. HP: 95/98 MP: 0/0
 11368 | D:11     | Noticed Snorg
 11369 | D:11     | Noticed a two-headed ogre
 11535 | D:11     | Noticed a boulder beetle
 12386 | D:11     | Found a staircase to the Lair.
 12467 | D:11     | Killed a two-headed ogre
 12479 | D:11     | Killed Snorg
 12968 | D:11     | Reached skill level 11 in Spellcasting
 12968 | D:11     | Reached skill level 11 in Conjurations
 12968 | D:11     | Reached skill level 11 in Hexes
 12968 | D:11     | Reached skill level 11 in Summonings
 12968 | D:11     | Reached skill level 11 in Necromancy
 12968 | D:11     | Reached skill level 11 in Translocations
 12968 | D:11     | Reached skill level 11 in Fire Magic
 12968 | D:11     | Reached skill level 11 in Ice Magic
 12968 | D:11     | Reached skill level 11 in Air Magic
 12968 | D:11     | Reached skill level 11 in Earth Magic
 12968 | D:11     | Reached skill level 11 in Alchemy
 12977 | D:11     | Reached skill level 14 in Fighting
 13120 | D:11     | Found a staircase to the Orcish Mines.
 13618 | D:12     | Noticed a skeletal warrior
 13622 | D:12     | Noticed a skeletal warrior
 13624 | D:12     | Noticed a skeletal warrior
 13625 | D:12     | Killed a skeletal warrior
 13626 | D:12     | Noticed a skeletal warrior
 13628 | D:12     | Noticed a skeletal warrior
 13806 | Lair:1   | Entered Level 1 of the Lair of Beasts
 14865 | Lair:1   | Reached XP level 13. HP: 77/106 MP: 0/0
 14865 | Lair:1   | Learned a level 5 spell: Metabolic Englaciation
 15223 | Lair:2   | Noticed Urug
 15436 | Lair:2   | Killed Urug
 15437 | Lair:2   | Reached skill level 15 in Fighting
 15828 | Lair:2   | Acquired the ring "Uluqi" {rF++ rC++ Int+6 Stlth-}
 15891 | Lair:2   | Reached skill level 12 in Spellcasting
 15891 | Lair:2   | Reached skill level 12 in Conjurations
 15891 | Lair:2   | Reached skill level 12 in Hexes
 15891 | Lair:2   | Reached skill level 12 in Summonings
 15891 | Lair:2   | Reached skill level 12 in Necromancy
 15891 | Lair:2   | Reached skill level 12 in Translocations
 15891 | Lair:2   | Reached skill level 12 in Fire Magic
 15891 | Lair:2   | Reached skill level 12 in Ice Magic
 15891 | Lair:2   | Reached skill level 12 in Air Magic
 15891 | Lair:2   | Reached skill level 12 in Earth Magic
 15891 | Lair:2   | Reached skill level 12 in Alchemy
 16094 | Lair:2   | Noticed a six-headed hydra
 16100 | Lair:2   | Killed a six-headed hydra
 16159 | Lair:2   | Noticed Nergalle
 16451 | Lair:2   | Killed Nergalle
 16758 | Lair:2   | Found a staircase to the Shoals.
 17126 | Lair:3   | Reached skill level 16 in Fighting
 17219 | Lair:3   | Found a hole to the Spider Nest.
 17542 | Lair:3   | Noticed Fannar
 17550 | Lair:3   | Killed Fannar
 18004 | Lair:4   | Noticed Josephine
 18015 | Lair:4   | Killed Josephine
 18016 | Lair:4   | Reached XP level 14. HP: 106/117 MP: 0/0
 18049 | Lair:4   | Reached skill level 13 in Spellcasting
 18049 | Lair:4   | Reached skill level 13 in Conjurations
 18049 | Lair:4   | Reached skill level 13 in Hexes
 18049 | Lair:4   | Reached skill level 13 in Summonings
 18049 | Lair:4   | Reached skill level 13 in Necromancy
 18049 | Lair:4   | Reached skill level 13 in Translocations
 18049 | Lair:4   | Reached skill level 13 in Fire Magic
 18049 | Lair:4   | Reached skill level 13 in Ice Magic
 18049 | Lair:4   | Reached skill level 13 in Air Magic
 18049 | Lair:4   | Reached skill level 13 in Earth Magic
 18049 | Lair:4   | Reached skill level 13 in Alchemy
 18461 | Lair:4   | Reached skill level 17 in Fighting
 18849 | Lair:5   | Entered Level 5 of the Lair of Beasts
 18916 | Lair:4   | Identified 2 potions of resistance
 18921 | Lair:4   | Acquired a +1 cloak of willpower
 19434 | Lair:5   | Reached skill level 14 in Spellcasting
 19434 | Lair:5   | Reached skill level 14 in Conjurations
 19434 | Lair:5   | Reached skill level 14 in Hexes
 19434 | Lair:5   | Reached skill level 14 in Summonings
 19434 | Lair:5   | Reached skill level 14 in Necromancy
 19434 | Lair:5   | Reached skill level 14 in Translocations
 19434 | Lair:5   | Reached skill level 14 in Fire Magic
 19434 | Lair:5   | Reached skill level 14 in Ice Magic
 19434 | Lair:5   | Reached skill level 14 in Air Magic
 19434 | Lair:5   | Reached skill level 14 in Earth Magic
 19434 | Lair:5   | Reached skill level 14 in Alchemy
 19434 | Lair:5   | Reached XP level 15. HP: 23/126 MP: 0/0
 19434 | Lair:5   | Learned a level 6 spell: Bombard
 19623 | Lair:5   | Found a viscous altar of Jiyva.
 19625 | Lair:5   | Found a staircase to the Slime Pits.
 19660 | Lair:5   | Reached skill level 18 in Fighting
 19781 | Lair:5   | Identified the +5 ring mail "Ceuczat" {rElec}
 21185 | Orc:1    | Entered Level 1 of the Orcish Mines
 21329 | Orc:2    | Entered Level 2 of the Orcish Mines
 21330 | Orc:2    | Found Axtuneof's Antique Weapon Shop.
 21657 | Orc:2    | Found a staircase to the Elven Halls.
 21659 | Orc:2    | Found Upsai's General Store.
 21665 | Orc:2    | Bought a scroll of fear for 56 gold pieces
 21975 | Orc:2    | Found Zocittuq's Antique Armour Shop.
 21990 | Orc:2    | Bought a faintly humming leather armour for 133 gold pieces
 21990 | Orc:2    | Identified the +1 leather armour of Feaheid {Dex+4} (You
                  | bought it in a shop on level 2 of the Orcish Mines)
 21990 | Orc:2    | Bought a distressingly furry scale mail for 171 gold pieces
 21990 | Orc:2    | Identified the +5 scale mail of Whack-A-Mole {rPois rCorr}
                  | (You bought it in a shop on level 2 of the Orcish Mines)
 22222 | Orc:2    | Reached skill level 19 in Fighting
 22620 | Orc:2    | Noticed an orc warlord
 22627 | Orc:2    | Killed an orc warlord
 22938 | Orc:2    | Reached skill level 15 in Spellcasting
 22938 | Orc:2    | Reached skill level 15 in Conjurations
 22938 | Orc:2    | Reached skill level 15 in Hexes
 22938 | Orc:2    | Reached skill level 15 in Summonings
 22938 | Orc:2    | Reached skill level 15 in Necromancy
 22938 | Orc:2    | Reached skill level 15 in Translocations
 22938 | Orc:2    | Reached skill level 15 in Fire Magic
 22938 | Orc:2    | Reached skill level 15 in Ice Magic
 22938 | Orc:2    | Reached skill level 15 in Air Magic
 22938 | Orc:2    | Reached skill level 15 in Earth Magic
 22938 | Orc:2    | Reached skill level 15 in Alchemy
 23060 | Orc:2    | Found Eleull's General Store.
 23107 | Orc:2    | Bought a scroll of identify for 30 gold pieces
 23182 | Orc:2    | Found Empaudega's Antique Armour Boutique.
 23183 | Orc:2    | Found Yneheres's Antique Weapon Shop.
 23185 | Orc:2    | Found Ydiuffiy's General Store.
 23185 | Orc:2    | Found Rer Xano's Book Boutique.
 23271 | Orc:2    | Bought a pitted chain mail for 180 gold pieces
 23271 | Orc:2    | Identified the +0 chain mail "Mevvoet" {Int+2 Dex+3 Slay+3
                  | Stlth+} (You bought it in a shop on level 2 of the Orcish
                  | Mines)
 23543 | Orc:2    | Bought a bloodstained lajatang for 620 gold pieces
 23543 | Orc:2    | Identified the +5 lajatang of the Enfolding Stork {freeze,
                  | rPois} (You bought it in a shop on level 2 of the Orcish
                  | Mines)
 23716 | D:9      | Reached XP level 16. HP: 80/135 MP: 0/0
 24116 | D:9      | Killed Sobieck's ghost
 25299 | D:12     | Reached skill level 20 in Fighting
 25376 | D:12     | Found Tuyxtol's Pet Rocks.
 25549 | D:12     | Reached skill level 3 in Dodging
 25893 | D:13     | Reached skill level 4 in Dodging
 26006 | D:13     | Identified a potion of experience
 26177 | D:13     | Reached skill level 5 in Dodging
 26227 | D:13     | Found a gate to the Vaults.
 27106 | D:14     | Reached skill level 6 in Dodging
 27106 | D:14     | Reached skill level 16 in Spellcasting
 27106 | D:14     | Reached skill level 16 in Conjurations
 27106 | D:14     | Reached skill level 16 in Hexes
 27106 | D:14     | Reached skill level 16 in Summonings
 27106 | D:14     | Reached skill level 16 in Necromancy
 27106 | D:14     | Reached skill level 16 in Translocations
 27106 | D:14     | Reached skill level 16 in Fire Magic
 27106 | D:14     | Reached skill level 16 in Ice Magic
 27106 | D:14     | Reached skill level 16 in Air Magic
 27106 | D:14     | Reached skill level 16 in Earth Magic
 27106 | D:14     | Reached skill level 16 in Alchemy
 27304 | D:14     | Identified the +9 dagger "Axzotsoh" {flame, *Noise Will+
                  | MP+9}
 27489 | D:15     | Entered Level 15 of the Dungeon
 27512 | D:15     | Reached XP level 17. HP: 83/143 MP: 0/0
 27512 | D:15     | Learned a level 6 spell: Plasma Beam
 27569 | D:15     | Reached skill level 7 in Dodging
 28140 | D:15     | Found Syiligh's Jewellery Shoppe.
 28166 | D:15     | Found a staircase to the Depths.
 28423 | Spider:1 | Entered Level 1 of the Spider Nest
 28644 | Spider:1 | Reached skill level 8 in Dodging
 29062 | Spider:1 | Reached skill level 9 in Dodging
 29937 | Spider:2 | Reached skill level 10 in Dodging
 29978 | Spider:2 | Noticed Asterion
 29987 | Spider:2 | Killed Asterion
 30488 | Spider:2 | Noticed Roxanne
 30503 | Spider:2 | Killed Roxanne
 30504 | Spider:2 | Reached skill level 1 in Shields
 30687 | Spider:3 | Noticed Donald
 30694 | Spider:3 | Killed Donald
 30695 | Spider:3 | Reached skill level 2 in Shields
 30695 | Spider:3 | Reached skill level 17 in Spellcasting
 30695 | Spider:3 | Reached skill level 17 in Conjurations
 30695 | Spider:3 | Reached skill level 17 in Hexes
 30695 | Spider:3 | Reached skill level 17 in Summonings
 30695 | Spider:3 | Reached skill level 17 in Necromancy
 30695 | Spider:3 | Reached skill level 17 in Translocations
 30695 | Spider:3 | Reached skill level 17 in Fire Magic
 30695 | Spider:3 | Reached skill level 17 in Ice Magic
 30695 | Spider:3 | Reached skill level 17 in Air Magic
 30695 | Spider:3 | Reached skill level 17 in Earth Magic
 30695 | Spider:3 | Reached skill level 17 in Alchemy
 30931 | Spider:3 | Noticed Arachne
 30940 | Spider:3 | Killed Arachne
 30945 | Spider:3 | Reached skill level 3 in Shields
 30945 | Spider:3 | Reached XP level 18. HP: 84/149 MP: 0/0
 31611 | Spider:3 | Identified the +2 long sword of Fedhas's Inspiration
                  | {flame, rPois rN+ Dex-3}
 31986 | Spider:4 | Entered Level 4 of the Spider Nest
 31991 | Spider:4 | Reached skill level 4 in Shields
 33150 | Spider:3 | Reached skill level 5 in Shields
 34143 | Spider:4 | Reached skill level 6 in Shields
 34189 | Spider:4 | Noticed Agnes
 34199 | Spider:3 | Killed Agnes
 34861 | Spider:4 | Reached skill level 7 in Shields
 35467 | Spider:4 | Reached skill level 8 in Shields
 36170 | Spider:4 | Identified the +0 hat "Merar" {Harm rElec rCorr Dex-5}
 36471 | Spider:4 | Got a gossamer rune of Zot
 36856 | Shoals:1 | Entered Level 1 of the Shoals
 36862 | Shoals:1 | Reached skill level 18 in Spellcasting
 36862 | Shoals:1 | Reached skill level 18 in Conjurations
 36862 | Shoals:1 | Reached skill level 18 in Hexes
 36862 | Shoals:1 | Reached skill level 18 in Summonings
 36862 | Shoals:1 | Reached skill level 18 in Necromancy
 36862 | Shoals:1 | Reached skill level 18 in Translocations
 36862 | Shoals:1 | Reached skill level 18 in Fire Magic
 36862 | Shoals:1 | Reached skill level 18 in Ice Magic
 36862 | Shoals:1 | Reached skill level 18 in Air Magic
 36862 | Shoals:1 | Reached skill level 18 in Earth Magic
 36862 | Shoals:1 | Reached skill level 18 in Alchemy
 36865 | Shoals:1 | Reached XP level 19. HP: 109/156 MP: 0/0
 36865 | Shoals:1 | Learned a level 7 spell: Haunt
 36873 | Shoals:1 | Reached skill level 9 in Shields
 37978 | Shoals:2 | Reached skill level 10 in Shields
 38273 | Shoals:2 | Reached skill level 11 in Shields
 39250 | Shoals:3 | Identified a +2 robe of resistance
 39250 | Shoals:3 | Noticed Jorgrun
 39257 | Shoals:3 | Killed Jorgrun
 39266 | Shoals:3 | Noticed Bai Suzhen
 39278 | Shoals:3 | Killed Bai Suzhen
 39445 | Shoals:3 | Reached skill level 12 in Shields
 39455 | Shoals:3 | Reached XP level 20. HP: 154/162 MP: 0/0
 39480 | Shoals:3 | Found Juovinet's Book Shoppe.
 39736 | Shoals:3 | Identified the +6 trident "Pegepsud" {freeze, rElec Will+
                  | Dex+2}
 39995 | Shoals:4 | Entered Level 4 of the Shoals
 40004 | Shoals:3 | Reached skill level 19 in Spellcasting
 40004 | Shoals:3 | Reached skill level 19 in Conjurations
 40004 | Shoals:3 | Reached skill level 19 in Hexes
 40004 | Shoals:3 | Reached skill level 19 in Summonings
 40004 | Shoals:3 | Reached skill level 19 in Necromancy
 40004 | Shoals:3 | Reached skill level 19 in Translocations
 40004 | Shoals:3 | Reached skill level 19 in Fire Magic
 40004 | Shoals:3 | Reached skill level 19 in Ice Magic
 40004 | Shoals:3 | Reached skill level 19 in Air Magic
 40004 | Shoals:3 | Reached skill level 19 in Earth Magic
 40004 | Shoals:3 | Reached skill level 19 in Alchemy
 40067 | Shoals:4 | Noticed Ilsuiw
 40078 | Shoals:4 | HP: 10/162 [alligator snapping turtle (23)]
 40079 | Shoals:4 | Noticed Polyphemus
 40417 | Shoals:4 | Killed Ilsuiw
 41586 | Shoals:4 | Killed Polyphemus
 41742 | Shoals:4 | Reached skill level 20 in Spellcasting
 41742 | Shoals:4 | Reached skill level 20 in Conjurations
 41742 | Shoals:4 | Reached skill level 20 in Hexes
 41742 | Shoals:4 | Reached skill level 20 in Summonings
 41742 | Shoals:4 | Reached skill level 20 in Necromancy
 41742 | Shoals:4 | Reached skill level 20 in Translocations
 41742 | Shoals:4 | Reached skill level 20 in Fire Magic
 41742 | Shoals:4 | Reached skill level 20 in Ice Magic
 41742 | Shoals:4 | Reached skill level 20 in Air Magic
 41742 | Shoals:4 | Reached skill level 20 in Earth Magic
 41742 | Shoals:4 | Reached skill level 20 in Alchemy
 41972 | Shoals:4 | Identified the orb of Too Many Cooks {*Rage, Earth}
 42011 | Shoals:4 | Got a barnacled rune of Zot
 42759 | Vaults:1 | Entered Level 1 of the Vaults
 43241 | Vaults:1 | Reached skill level 11 in Dodging
 43276 | Vaults:1 | Found Cauxuf's Book Boutique.
 44083 | Vaults:1 | Reached XP level 21. HP: 160/168 MP: 0/0
 44083 | Vaults:1 | Learned a level 8 spell: Lehudib's Crystal Spear
 44108 | Vaults:1 | Reached skill level 12 in Dodging
 44528 | Vaults:2 | Noticed a bone dragon
 44536 | Vaults:2 | Killed a bone dragon
 44589 | Vaults:2 | Found a staircase to the Crypt.
 44713 | Vaults:2 | Reached skill level 13 in Dodging
 45940 | Vaults:3 | Reached skill level 14 in Dodging
 46154 | Vaults:3 | Reached skill level 21 in Spellcasting
 46154 | Vaults:3 | Reached skill level 21 in Conjurations
 46154 | Vaults:3 | Reached skill level 21 in Hexes
 46154 | Vaults:3 | Reached skill level 21 in Summonings
 46154 | Vaults:3 | Reached skill level 21 in Necromancy
 46154 | Vaults:3 | Reached skill level 21 in Translocations
 46154 | Vaults:3 | Reached skill level 21 in Fire Magic
 46154 | Vaults:3 | Reached skill level 21 in Ice Magic
 46154 | Vaults:3 | Reached skill level 21 in Air Magic
 46154 | Vaults:3 | Reached skill level 21 in Earth Magic
 46154 | Vaults:3 | Reached skill level 21 in Alchemy
 46379 | Vaults:3 | Found a portal to a secret trove of treasure.
 46421 | Vaults:3 | Reached XP level 22. HP: 145/175 MP: 0/0
 46783 | Vaults:3 | Reached skill level 15 in Dodging
 47250 | Vaults:3 | Noticed Nikola
 47257 | Vaults:3 | Identified the +0 ring mail of Too Many Cooks {rN+}
 47258 | Vaults:3 | Identified the ring "Nofrijiq" {rF+ rN++ Int-2 Dex+4
                  | Stlth+}
 47263 | Vaults:3 | HP: 13/175 [Nikola/bolt of lightning (37)]
 47299 | Vaults:3 | HP: 12/175 [storm dragon/bolt of lightning (39)]
 47314 | Vaults:3 | Killed Nikola
 47314 | Vaults:3 | Killed from afar by a storm dragon

Vanquished Creatures
  Bai Suzhen (Shoals:3)
  Nikola (Vaults:3)
  A bone dragon (Vaults:2)
  Arachne (Spider:3)
  Jorgrun (Shoals:3)
  Asterion (Spider:2)
  A sphinx (Vaults:2)
  Polyphemus (Shoals:4)
  Agnes (Spider:3)
  Donald (Spider:3)
  Ilsuiw (Shoals:4)
  Roxanne (Spider:2)
  4 emperor scorpions
  7 vault wardens
  3 broodmothers
  7 ghost moths
  2 orc warlords
  3 formless jellyfish
  15 ironbound preservers
  2 ironbound thunderhulks
  A stone giant (D:15)
  A deep elf death mage (Vaults:2)
  2 elemental wellsprings (Shoals:1)
  A deep elf demonologist (Vaults:3)
  8 dire elephants
  3 spark wasps
  2 merfolk javelineers (Shoals:4)
  Snorg (D:11)
  9 merfolk impalers
  A deep elf high priest (Vaults:3)
  7 yaktaur captains
  4 great orbs of eyes
  Fannar (Lair:3)
  Josephine (Lair:4)
  2 jorogumos (Spider:4)
  A peacekeeper (Vaults:3)
  7 vault guards
  2 entropy weavers
  6 ironbound frosthearts
  3 radroaches
  9 hydras
  10 boulder beetles
  A catoblepas (Shoals:4)
  The ghost of Sobieck the Cleaver, a journeyman DsGl of Trog (D:9)
  19 centaur warriors
  9 merfolk aquamancers
  2 death yaks
  4 two-headed ogres
  8 satyrs
  5 demonic crawlers
  A death knight (D:12)
  5 orc high priests
  4 tengu warriors
  An occultist (D:15)
  3 alligator snapping turtles
  Urug (Lair:2)
  A hell hog (Lair:5)
  Nergalle (Lair:2)
  A skyshark (Shoals:2)
  12 pharaoh ants
  11 skeletal warriors
  31 sea snakes
  28 deep trolls
  A glowing orange brain (Vaults:2)
  12 orb spiders
  An arcanist (Vaults:1)
  2 phantasmal warriors (D:12)
  A swamp dragon (Lair:5)
  A sun moth (Spider:4)
  25 harpies
  14 ironbound convokers
  3 orc knights (Orc:2)
  Pikel (D:5)
  6 steelbarb worms
  2 deep elf pyromancers (D:14)
  4 orc sorcerers (Orc:2)
  15 ugly things
  14 fauns
  8 lindwurms
  10 wolf spiders
  2 will-o-the-wisps (Lair:5)
  6 moths of wrath
  8 cyclopes
  A meliai (shapeshifter) (D:15)
  3 meliai (D:13)
  7 merfolk sirens
  10 manticores
  6 black mambas
  17 elephants
  11 vault sentinels
  8 centaur zombies (D:12)
  A black mamba (shapeshifter) (D:13)
  9 water nymphs
  5 torpor snails
  11 cane toads
  2 gargoyles
  2 unseen horrors
  A kobold demonologist (D:14)
  3 freezing wraiths
  13 yaktaurs
  An efreet (D:13)
  7 komodo dragons
  4 rime drakes
  2 tengu conjurers
  12 polar bears
  A queen bee (shapeshifter) (D:13)
  6 trolls
  A troll (shapeshifter) (D:13)
  3 wind drakes
  39 merfolk
  3 hornets (Lair:5)
  16 dream sheep
  26 tarantellas
  A meliai zombie (D:12)
  14 blink frogs
  7 snapping turtles
  4 raiju (Lair:5)
  41 jumping spiders
  3 shadows
  24 culicivoras
  30 slime creatures
  6 water elementals
  Sigmund (D:2)
  67 yaks
  4 vampires (D:12)
  17 wyverns
  12 wraiths
  7 basilisks
  5 vampire mosquitoes
  77 redbacks
  7 wargs
  2 acid dragons
  A water moccasin (shapeshifter) (D:13)
  23 water moccasins
  36 orc warriors
  11 hell hounds (Lair:5)
  A swamp drake (Lair:5)
  16 black bears
  2 sky beasts (D:7)
  An ice beast (D:7)
  2 laughing skulls (D:15)
  37 wolves
  5 boggarts
  3 ogres
  4 lemures (D:5)
  A kobold brigand (D:11)
  14 bullfrogs
  2 gnoll sergeants
  6 scorpions
  6 wights (D:8)
  9 killer bees
  3 howler monkeys
  An electric eel (D:7)
  3 lava snakes (D:9)
  A bombardier beetle (D:4)
  23 orc priests
  A gnoll bouda (D:8)
  3 hounds
  A jelly (D:4)
  4 sleepcaps
  3 iguanas
  A boggart zombie (D:12)
  29 orc wizards
  8 hell rats
  14 gnolls
  8 adders
  A shadow imp (D:8)
  3 white imps
  2 ufetubi (D:6)
  6 dart slugs
  4 ribbon worms
  104 orcs
  9 ball pythons
  4 bats
  10 endoplasms
  4 giant cockroaches (Lair:3)
  10 goblins
  10 hobgoblins
  8 jackals
  7 kobolds
  2 quokkas
  10 frilled lizards
  2 rats
1461 creatures vanquished.

Vanquished Creatures (collateral kills)
  A killer bee (D:10)
1 creature vanquished.

Vanquished Creatures (others)
  A jumping spider (Spider:4)
  6 foxfires (Lair:5)
7 creatures vanquished.

Grand Total: 1469 creatures vanquished

Table legend: (Time is in decaauts)
 A = Elapsed time spent in this place.
 B = Non-inter-level travel time spent in this place.
 C = Inter-level travel time spent in this place.
 D = Time resting spent in this place.
 E = Time spent auto-exploring this place.
 F = Levels seen in this place.
 G = Mean time per level.
                   A        B        C        D        E       F      G
               +--------+--------+--------+--------+--------+-----+--------+
         Total |  47607 |  45087 |   2520 |  12605 |  25394 |  34 | 1400.2 |
       Dungeon |  18436 |  17454 |    982 |   2675 |  12387 |  15 | 1229.1 |
          Lair |   8215 |   7671 |    544 |   2068 |   4170 |   5 | 1643.0 |
        Shoals |   5588 |   5433 |    155 |   1819 |   2708 |   4 | 1397.0 |
   Spider Nest |   8204 |   7652 |    552 |   4651 |   2028 |   4 | 2051.0 |
  Orcish Mines |   2408 |   2275 |    133 |    608 |   1057 |   2 | 1204.0 |
        Vaults |   4228 |   4076 |    152 |    706 |   2682 |   3 | 1409.3 |
        Bailey |    525 |    525 |      0 |     77 |    362 |   1 |  525.0 |
               +--------+--------+--------+--------+--------+-----+--------+

Top non-repeatable levels by time:
Spider:3: 4304 daAuts
     D:9: 2816 daAuts
Shoals:3: 2325 daAuts
  Lair:5: 2107 daAuts
  Lair:1: 2082 daAuts
   Orc:2: 1889 daAuts
    D:11: 1810 daAuts
Spider:4: 1711 daAuts
  Lair:2: 1666 daAuts
    D:10: 1571 daAuts
     D:6: 1571 daAuts
    D:12: 1513 daAuts
Vaults:1: 1446 daAuts
  Lair:3: 1409 daAuts
Vaults:2: 1402 daAuts

Table legend:
 A = Non-vault XP
 B = Vault XP
 C = Vault XP percentage of total XP
 D = Non-vault monster count
 E = Vault monster count
 F = Vault count percentage of total count
                 A         B        C        D         E       F
            +---------+---------+-------+---------+---------+-------
      Total |  300615 |  222369 |  42.5 |     895 |     564 |  38.7
            +---------+---------+-------+---------+---------+-------
        D:1 |      21 |      15 |  41.7 |      11 |       6 |  35.3
        D:2 |      54 |     214 |  79.9 |      21 |       1 |   4.5
        D:3 |      56 |       6 |   9.7 |      23 |       6 |  20.7
        D:4 |     307 |       0 |   0.0 |      21 |       0 |   0.0
        D:5 |     334 |     607 |  64.5 |       9 |       1 |  10.0
        D:6 |     869 |     422 |  32.7 |      19 |      10 |  34.5
        D:7 |    1653 |     178 |   9.7 |      19 |       7 |  26.9
        D:8 |    1043 |     239 |  18.6 |      22 |       2 |   8.3
        D:9 |    4008 |    6294 |  61.1 |      17 |      36 |  67.9
       D:10 |    4385 |     124 |   2.8 |      22 |       1 |   4.3
       D:11 |    3863 |    2896 |  42.8 |      19 |      27 |  58.7
       D:12 |   12896 |    6149 |  32.3 |      26 |      20 |  43.5
       D:13 |    9928 |    1038 |   9.5 |      20 |       3 |  13.0
       D:14 |    6403 |       0 |   0.0 |      15 |       0 |   0.0
       D:15 |    7835 |    2689 |  25.6 |      14 |       3 |  17.6
     Lair:1 |    4217 |       0 |   0.0 |      29 |       0 |   0.0
     Lair:2 |    7398 |    2767 |  27.2 |      26 |       6 |  18.8
     Lair:3 |    7617 |    1348 |  15.0 |      32 |      10 |  23.8
     Lair:4 |   10746 |    1714 |  13.8 |      26 |       5 |  16.1
     Lair:5 |   12286 |   24493 |  66.6 |      47 |     101 |  68.2
   Shoals:1 |   18591 |    2528 |  12.0 |      38 |       3 |   7.3
   Shoals:2 |   15949 |   13216 |  45.3 |      28 |      18 |  39.1
   Shoals:3 |   21663 |    6936 |  24.3 |      46 |       5 |   9.8
   Shoals:4 |   15315 |   27082 |  63.9 |      33 |      37 |  52.9
   Spider:1 |   19588 |    1806 |   8.4 |      53 |       4 |   7.0
   Spider:2 |   12070 |    2994 |  19.9 |      41 |       2 |   4.7
   Spider:3 |   15883 |   12463 |  44.0 |      39 |      14 |  26.4
   Spider:4 |   15100 |   22804 |  60.2 |      35 |      52 |  59.8
      Orc:1 |    2426 |       0 |   0.0 |      37 |       0 |   0.0
      Orc:2 |    1120 |   10844 |  90.6 |      12 |      71 |  85.5
   Vaults:1 |   21097 |   18997 |  47.4 |      29 |      23 |  44.2
   Vaults:2 |   23225 |   25893 |  52.7 |      31 |      34 |  52.3
   Vaults:3 |   22669 |   25329 |  52.8 |      35 |      35 |  50.0
     Bailey |       0 |     284 | 100.0 |       0 |      21 | 100.0
            +---------+---------+-------+---------+---------+-------
